 Dungeon Crawl Stone Soup version 0.22.1-1-ga44c0e5 (webtiles) character file.

311 Anon1729 the Twirler (level 6, -4/52 HPs)
             Began as a Ghoul Gladiator on Oct 25, 2018.
             Was a Follower of Wu Jian.
             Slain by an ogre
             ... wielding a +0 giant club
              (20 damage)
             ... on level 4 of the Dungeon.
             The game lasted 00:03:39 (3104 turns).

Anon1729 the Twirler (Ghoul Gladiator)              Turns: 3104, Time: 00:03:40

Health: -4/52      AC:  6    Str: 18    XL:     6   Next: 42%
Magic:  5/5        EV: 12    Int:  5    God:    Wu Jian [*.....]
Gold:   137        SH:  0    Dex: 10    Spells: 5/5 levels left

rFire    . . .     SeeInvis .   a - +0 quarterstaff
rCold    + . .     Gourm    .   (shield currently unavailable)
rNeg     + + +     Faith    .   b - +0 leather armour
rPois    ∞         Spirit   .   c - +0 helmet
rElec    .         Reflect  .   (no cloak)
rCorr    .         Harm     .   (no gloves)
MR       .....                  j - +1 pair of boots
Stlth    +.........             (no amulet)
HPRegen  0.00/turn              (no ring)
MPRegen  0.09/turn              (no ring)

@: rotting
A: rotting body, claws 1, carnivore, cold resistance 1, negative energy
resistance 3, inhibited regeneration, torment resistance, unbreathing
a: Renounce Religion


You were on level 4 of the Dungeon.
You worshipped Wu Jian.
Wu Jian was aware of your devotion.
You were not hungry.

You visited 1 branch of the dungeon, and saw 4 of its levels.

You collected 137 gold pieces.

Inventory:

Hand Weapons
 a - a +0 quarterstaff (weapon)
Missiles
 d - 3 throwing nets (quivered)
Armour
 b - a +0 leather armour (worn)
 c - a +0 helmet (worn)
 j - a +1 pair of boots (worn)
Scrolls
 h - 4 scrolls of identify {unknown}
 k - a scroll of fear {unknown}
 m - a scroll of enchant weapon {unknown}
 n - a scroll of fog {unknown}
 o - a scroll of remove curse {unknown}
 q - a scroll of blinking {unknown}
Potions
 e - 4 potions of heal wounds {unknown}
 g - 2 potions of curing {unknown}
 i - a potion of degeneration {unknown}
 l - 2 potions of might {unknown}
 p - a potion of agility {unknown}
Comestibles
 f - 5 rations


   Skills:
 + Level 3.9 Fighting
 + Level 4.5 Staves
 + Level 1.7 Throwing
 + Level 2.0 Armour
 + Level 3.4 Dodging
 + Level 0.4 Stealth


You had 5 spell levels left.
You didn't know any spells.
Your spell library contained the following spells:

 Spells                   Type           Power        Failure   Level  Hunger
 Magic Dart               Conj           #...         54%         1    ##.....
 Blink                    Tloc           N/A          67%         2    ###....
 Call Imp                 Summ           #.......     67%         2    ###....
 Slow                     Hex            #.......     67%         2    ###....
 Conjure Flame            Conj/Fire      #.......     88%         3    ####...
 Mephitic Cloud           Conj/Pois/Air  #.......     88%         3    ####...


Dungeon Overview and Level Annotations

Branches:
Dungeon (4/15)
 Temple: D:4-7

Altars:
Kikubaaqudgha
Ru
Trog
Wu Jian
Zin


Innate Abilities, Weirdness & Mutations

Your body is rotting away.
You thrive on raw meat.
You are immune to poison.
You have sharp fingernails.
You are carnivorous and can eat meat at any time.
Your flesh is cold resistant. (rC+)
You are immune to negative energy. (rN+++)
You do not regenerate when monsters are visible.
You are immune to unholy pain and torment.
You can survive without breathing.


Message History

You spin and attack the ogre.
You sock the ogre!
The ogre is severely wounded.
The ogre misses you.
Things that are here:
a dagger; an orc corpse You spin and attack the ogre.
You barely miss the ogre.
The ogre is severely wounded.
The ogre closely misses you.
You spin and attack the ogre.
You hit the ogre but do no damage.
The ogre is severely wounded.
The ogre hits you with a giant club!!
Things that are here:
a dagger; an orc corpse You spin and attack the ogre.
You thump the ogre!
The ogre is almost dead.
There is a stone staircase leading up here.
You lunge at the ogre.
You hit the ogre.
The ogre is almost dead.
The ogre hits you with a giant club!!
You die...

### #.. ###.# .
..#.# .## #.#.#
####... #.#.#
.......
#######.#[##...#.#.
.................>.
#####..#@.#...#.#
#.###O......#
#.###..#.)#..##.#
#................
########.##.###..#
#..........
####.###. # .# .#


You could see an ogre.

Vanquished Creatures
  A howler monkey (D:3)
  A bullfrog zombie (D:3)
  An orc priest (D:4)
  An orc wizard (D:3)
  2 worker ants (D:3)
  6 adders
  2 oozes
  A dart slug (D:2)
  A leopard gecko (D:2)
  8 orcs
  5 bats
  2 giant cockroaches
  9 hobgoblins
  2 jackals (D:2)
  2 quokkas
  7 frilled lizards
  5 goblins
  7 kobolds
  A leopard gecko skeleton (D:3)
  5 rats
69 creatures vanquished.

Notes
Turn   | Place    | Note
-------+----------+-------------------------------------------
     0 | D:1      | Anon1729 the Ghoul Gladiator began the quest for the Orb.
     0 | D:1      | Reached XP level 1. HP: 17/17 MP: 0/0
     3 | D:1      | Noticed an electric eel
     3 | D:1      | Noticed an electric eel
   124 | D:1      | Reached XP level 2. HP: 25/25 MP: 1/1
   710 | D:2      | Reached skill level 3 in Staves
   710 | D:2      | Reached XP level 3. HP: 24/30 MP: 2/2
   784 | D:2      | Found an ornate altar of the Wu Jian Council.
   800 | D:2      | Became a worshipper of the Wu Jian Council
  1037 | D:2      | Reached skill level 1 in Armour
  1037 | D:2      | Reached XP level 4. HP: 29/38 MP: 3/3
  1383 | D:2      | Found a glowing silver altar of Zin.
  1921 | D:3      | Reached XP level 5. HP: 39/45 MP: 4/4
  1974 | D:3      | Reached * piety under Wu Jian
  2003 | D:3      | Found an ancient bone altar of Kikubaaqudgha.
  2047 | D:3      | Found a bloodstained altar of Trog.
  2101 | D:3      | Reached skill level 4 in Staves
  2399 | D:3      | Reached XP level 6. HP: 34/52 MP: 5/5
  2426 | D:3      | Found a sacrificial altar of Ru.
  3104 | D:4      | Slain by an ogre

Skill      XL: |  1  2  3  4  5 |
---------------+----------------+-----
Staves         | 3 4 |  4.5
Dodging        | 3 |  3.4
Fighting       | 3 |  3.9
Armour         | 1 2 |  2.0
Throwing       | |  1.7
Stealth        | |  0.4

Action                   |  1- 3 |  4- 6 || total
-------------------------+-------+-------++-------
Melee: Quarterstaff      |    91 |   182 ||   273
Invok: Lunge             |     1 |    19 ||    20
       Whirlwind         |       |    13 ||    13
 Stab: Sleeping          |     1 |       ||     1
       Invisible         |       |     1 ||     1
  Eat: Chunk             |     2 |    18 ||    20
Armor: Leather armour    |    39 |    47 ||    86
Dodge: Dodged            |    71 |   133 ||   204
